 Dungeon Crawl Stone Soup version 0.21.1-1-g345015f (webtiles) character file.

385 vatarom the Insei (level 6, -13/44 HPs)
             Began as a Demonspawn Transmuter on May 8, 2018.
             Mangled by an ogre
             ... wielding a +0 giant spiked club
              (24 damage)
             ... on level 4 of the Dungeon.
             The game lasted 00:06:39 (3511 turns).

vatarom the Insei (Demonspawn Transmuter)           Turns: 3511, Time: 00:06:39

Health: -13/44     AC:  5    Str: 10    XL:     6   Next: 48%
Magic:  5/9        EV: 12    Int: 16    God:
Gold:   169        SH:  0    Dex: 14    Spells: 3/9 levels left

rFire    . . .     SeeInvis .     - Unarmed
rCold    + . .     Gourm    .   (no shield)
rNeg     . . .     Faith    .   s - +2 robe
rPois    .         Spirit   .   (no helmet)
rElec    .         Reflect  .   (no cloak)
rCorr    .         Harm     .   (no gloves)
MR       .....                  (no boots)
Stlth    +.........             (no amulet)
HPRegen  0.14/turn              (no ring)
MPRegen  0.11/turn              (no ring)

@: slowed, very slow
A: claws 1, rugged brown scales 1, cold resistance 1, rot immunity
a: no special abilities


You were on level 4 of the Dungeon.
You were not hungry.

You visited 1 branch of the dungeon, and saw 4 of its levels.

You collected 169 gold pieces.

Inventory:

Missiles
 a - 27 arrows
Armour
 s - a +2 robe (worn)
Wands
 w - a wand of iceblast (8)
Scrolls
 b - a scroll of teleportation {unknown}
 e - 3 scrolls of amnesia {unknown}
 f - 3 scrolls of immolation {unknown}
 g - a scroll of remove curse {unknown}
 i - a scroll of magic mapping {unknown}
 n - a scroll of blinking {unknown}
 o - a scroll of enchant weapon {unknown}
 p - 2 scrolls of identify {unknown}
 u - a scroll of fog {unknown}
Potions
 h - a potion of cancellation {unknown}
 j - a potion of degeneration
 k - a potion of lignification {unknown}
 l - a potion of might {unknown}
 m - a potion of invisibility {unknown}
 q - a potion of ambrosia
 r - a potion of haste {unknown}
 t - a potion of resistance {unknown}
Books
 c - a book of Changes

   Spells                             Type                      Level
   a - Beastly Appendage              Transmutation                1
   b - Sticks to Snakes               Transmutation                2
   c - Spider Form                    Transmutation/Poison         3
   d - Ice Form                       Ice/Transmutation            4
   e - Blade Hands                    Transmutation                5
Comestibles
 d - 3 rations
 v - 7 chunks of flesh


   Skills:
 - Level 1.0 Fighting
 - Level 1.7 Dodging
 * Level 5.6 Unarmed Combat
 - Level 2.0 Spellcasting
 + Level 3.9 Transmutations


You had 3 spell levels left.
You knew the following spells:

 Your Spells              Type           Power        Failure   Level  Hunger
a - Beastly Appendage     Tmut           ##....       4%          1    #......
b - Sticks to Snakes      Tmut           ##......     6%          2    ###....
c - Spider Form           Tmut/Pois      #.........   28%         3    ###....


Dungeon Overview and Level Annotations

Branches:
Dungeon (4/15)
 Temple: D:4-7

Altars:


Innate Abilities, Weirdness & Mutations

You have sharp fingernails.
You are partially covered in rugged brown scales. (AC +1, +3% HP)
Your flesh is cold resistant. (rC+)
You are immune to rotting.


Message History

You create a snake!
You now have 27 arrows.
The orc wizard is no longer moving quickly.
The ogre hits you with a giant spiked club!
* * * LOW HITPOINT WARNING * * *
The ogre barely misses you.
Your ball python completely misses the ogre.
The ogre barely misses your ball python.
The orc wizard gestures wildly while chanting.
The orc wizard seems to speed up.
The ogre hits your ball python with a giant spiked club!
Your ball python dies!
The orc wizard mumbles some strange words.
The orc wizard blinks!
The orc wizard casts a spell.
The orc wizard blinks!
There is a stone staircase leading up here.
Okay, then.
The ogre hits you with a giant spiked club!!
Ouch! That really hurt!
You die...

>#..#..#.###.#####
.#.....#ยง#
#oo...#
...o..##.#######.#
....#..oo...# #o#
..Oo#.......# #.#
#.#.#.......# #o#
......####### #.#
####### #O# #@#
###


You could see an ogre, an orc wizard and an orc.

Vanquished Creatures
  An ice beast (D:3)
  A howler monkey (D:4)
  Jessica (D:3)
  An iguana (D:4)
  3 orc wizards
  2 adders
  A dart slug (D:2)
  12 orcs (D:3)
  A ball python (D:1)
  3 giant cockroaches
  11 goblins
  9 hobgoblins
  4 jackals (D:3)
  2 quokkas
  7 bats
  8 frilled lizards
  3 kobolds
  A quokka zombie (D:2)
  7 rats
78 creatures vanquished.

Vanquished Creatures (collateral kills)
  An adder (D:2)
  A kobold (D:1)
2 creatures vanquished.

Grand Total: 80 creatures vanquished

Notes
Turn   | Place    | Note
-------+----------+-------------------------------------------
     0 | D:1      | vatarom the Demonspawn Transmuter began the quest for the Orb.
     0 | D:1      | Reached XP level 1. HP: 15/15 MP: 3/3
   117 | D:1      | Reached skill level 3 in Unarmed Combat
   314 | D:1      | Gained mutation: You are immune to rotting. [demonic ancestry]
   314 | D:1      | Reached XP level 2. HP: 20/21 MP: 3/5
   533 | D:1      | Learned a level 2 spell: Sticks to Snakes
   813 | D:2      | Gained mutation: Your flesh is cold resistant. (rC+) [demonic ancestry]
   813 | D:2      | Reached XP level 3. HP: 16/26 MP: 4/6
   843 | D:2      | Learned a level 3 spell: Spider Form
  2268 | D:3      | Reached XP level 4. HP: 32/32 MP: 7/7
  2290 | D:3      | Reached skill level 4 in Unarmed Combat
  2634 | D:3      | Noticed Jessica
  2645 | D:3      | Killed Jessica
  2717 | D:3      | Gained mutation: You have sharp fingernails. [demonic ancestry]
  2717 | D:3      | Reached XP level 5. HP: 35/37 MP: 5/8
  2730 | D:3      | Noticed an ice beast
  2747 | D:3      | Killed an ice beast
  2747 | D:3      | Reached skill level 5 in Unarmed Combat
  2909 | D:3      | Gained mutation: You are partially covered in rugged brown scales. (AC +1, +3% HP) [demonic ancestry]
  2909 | D:3      | Reached XP level 6. HP: 28/44 MP: 2/9
  3511 | D:4      | Mangled by an ogre

Skill      XL: |  1  2  3  4  5 |
---------------+----------------+-----
Transmutations | 2 3 |  3.9
Unarmed Combat | 3 4 5 |  5.6
Fighting       | |  1.0
Dodging        | |  1.7
Spellcasting   | |  2.0

Action                   |  1- 3 |  4- 6 || total
-------------------------+-------+-------++-------
Melee: Unarmed           |   137 |   138 ||   275
       Headbutt          |     3 |       ||     3
       Kick              |     5 |     3 ||     8
       Punch             |     2 |       ||     2
       Short sword       |     7 |       ||     7
 Cast: Beastly Appendage |    16 |     1 ||    17
       Sticks to Snakes  |     3 |     1 ||     4
       Spider Form       |       |     8 ||     8
  Use: Potion            |     3 |     3 ||     6
  Eat: Chunk             |     5 |     4 ||     9
       Ration            |       |     1 ||     1
Armor: Robe              |    38 |    16 ||    54
       Skin              |       |     7 ||     7
Dodge: Dodged            |   132 |    93 ||   225
